 Dungeon Crawl Stone Soup version 0.30-a0-311-gf115ab0292 (webtiles) character file.

Game seed: 2822592743279082118

774 garrulousMonolith the Slasher (level 7, -5/49 (56) HPs)
             Began as a Gnoll Reaver on Oct 25, 2022.
             Was a Believer of Cheibriados.
             Shot with an arrow by a centaur (7 damage)
             ... on level 5 of the Dungeon.
             The game lasted 00:07:38 (4402 turns).

garrulousMonolith the Slasher (Gnoll Reaver)        Turns: 4402, Time: 00:07:39

HP:   -5/49 (56)    AC:  4    Str: 21    XL:     7   Next: 84%
MP:   0/15          EV: 14    Int: 19    God:    Cheibriados [**....]
Gold: 257           SH:  0    Dex: 14    Spells: 14/17 levels left

rFire   . . .      SeeInvis .    a - +1 scimitar
rCold   . . .      Faith    .    (no shield)
rNeg    . . .      Spirit   +    l - +1 leather armour {Will+}
rPois   .          Reflect  .    (no helmet)
rElec   .          Harm     .    (no cloak)
rCorr   .          Rampage  .    (no gloves)
Will    ++...                    (no boots)
Stlth   ++........               k - amulet of guardian spirit
HPRegen 0.28/turn                f - +6 ring of strength
MPRegen 0.14/turn                n - ring of willpower

@: heavily drained, very slow
A: fangs 1, strong nose, distributed training
a: Renounce Religion, Bend Time


You were on level 5 of the Dungeon.
You worshipped Cheibriados.
Cheibriados was pleased with you.
You visited 1 branch of the dungeon, and saw 5 of its levels.

You collected 323 gold pieces.
You spent 66 gold pieces at shops.

Inventory:

Hand Weapons
 a - a +1 scimitar (weapon)
 b - a +2 falchion of holy wrath
 m - a +1 dagger of venom
Missiles
 d - 19 poisoned darts (quivered)
Armour
 j - a +0 chain mail
 l - a +1 leather armour of willpower (worn)
Jewellery
 f - a +6 ring of strength (left hand)
 k - an amulet of guardian spirit (around neck)
 n - a ring of willpower (right hand)
Wands
 w - a wand of polymorph (5)
Scrolls
 c - 3 scrolls of teleportation
 h - a scroll of blinking {unknown}
 q - a scroll of enchant weapon
 r - 2 scrolls of noise
 s - a scroll of vulnerability {unknown}
Potions
 e - a potion of degeneration
 g - a potion of cancellation
 i - a potion of attraction
 o - a potion of invisibility
 p - 3 potions of brilliance
 t - a potion of lignification
 u - a potion of might
 v - a potion of flight {unknown}


   Skills:
 + Level 5.4 Fighting
 + Level 2.8 Short Blades
 + Level 7.2 Long Blades
 + Level 2.8 Axes
 + Level 2.8 Maces & Flails
 + Level 2.8 Polearms
 + Level 2.8 Staves
 + Level 2.8 Ranged Weapons
 + Level 2.8 Throwing
 + Level 2.8 Armour
 + Level 5.4 Dodging
 + Level 2.8 Stealth
 + Level 2.8 Shields
 + Level 2.8 Unarmed Combat
 + Level 5.8 Spellcasting
 + Level 6.0 Conjurations
 + Level 2.3 Hexes
 + Level 2.3 Summonings
 + Level 2.3 Necromancy
 + Level 2.3 Translocations
 + Level 2.3 Transmutations
 + Level 2.3 Fire Magic
 + Level 2.3 Ice Magic
 + Level 2.3 Air Magic
 + Level 2.3 Earth Magic
 + Level 2.3 Poison Magic
 + Level 3.1 Invocations
 + Level 2.8 Evocations


You had 14 spell levels left.
You knew the following spells:

 Your Spells              Type           Power      Damage    Failure   Level
a - Kiss of Death         Conj/Necr      84%        2d11      2%          1
b - Momentum Strike       Conj/Tloc      42%        3d9       3%          2

Your spell library contained the following spells:

 Spells                   Type           Power      Damage    Failure   Level
 Hailstorm                Conj/Ice       21%        3d6       7%          3
 Confusing Touch          Hex            14%        N/A       16%         3
 Dispel Undead            Necr           14%        3d10      45%         4


Dungeon Overview and Level Annotations

Branches:
Dungeon (5/15)
 Temple: D:4-7

Altars:
Ashenzari
Cheibriados
Kikubaaqudgha
Makhleb
Trog
Uskayaw

Shops:
D:1 !*   D:2 [


Innate Abilities, Weirdness & Mutations

You have very sharp teeth.
Your uncanny sense of smell can sniff out nearby items.
Your experience applies equally to all skills.


Message History

The gnoll completely misses you.
Things that are here:
a +0 spear; a gnoll corpse You slash the gnoll!
The gnoll is almost dead.
The gnoll hits you with a +0 spear.
* * * LOW HITPOINT WARNING * * *
The gnoll closely misses you.
You closely miss the gnoll.
The gnoll is almost dead.
The gnoll hits you with a +0 spear.
* * * LOW HITPOINT WARNING * * *
The gnoll hits you with a +0 spear.
* * * LOW HITPOINT WARNING * * *
You feel better. The gnoll hits you with a +0 spear.
* * * LOW HITPOINT WARNING * * *
The gnoll misses you.
You hit the gnoll but do no damage. Your bite misses the gnoll.
The gnoll is almost dead.
The gnoll hits you with a +0 spear.
* * * LOW HITPOINT WARNING * * *
The gnoll hits you with a +0 spear.
* * * LOW HITPOINT WARNING * * *
You hit the gnoll but do no damage.
The gnoll is almost dead.
A centaur comes into view.
The gnoll hits you but does no damage. The gnoll hits you with a +0 spear.
* * * LOW HITPOINT WARNING * * *
The centaur shouts!
You hit the gnoll.
You kill the gnoll!
Cheibriados appreciates the change of pace.
Cheibriados raises the support of your attributes as your movement slows.
The gnoll barely misses you.
You slash the gnoll!
You kill the gnoll!
Cheibriados appreciates the change of pace.
The centaur wields a +0 shortbow.
The centaur shoots an arrow.
The arrow hits you!
You die...

#...................#.#
#...................####
#........c...(........$.
##)###..................$
.))# ##.................#
#### ##.#..>...........#
# .. .....###.!.........
##..###..### #.))#.......
...# #.## ###@##g.....
#### #. #)# #..... .....
.. #.# .#... ##### .. #.#
. .. ... . . ##.## .. #.#
... ...


You could see a centaur.

Vanquished Creatures
  Grinder (D:4)
  2 scorpions
  A gnoll bouda (D:5)
  A hound (D:5)
  A jelly (D:5)
  Natasha (twice) (D:2)
  An iguana (D:3)
  3 orc wizards
  6 gnolls (D:5)
  5 adders
  4 worms
  A dart slug (D:2)
  17 orcs
  8 bats
  A bat zombie (D:4)
  9 endoplasms
  3 giant cockroaches
  5 goblins
  7 hobgoblins
  8 jackals
  A kobold (D:1)
  4 quokkas
  9 ball pythons
  2 frilled lizards (D:1)
  9 rats
  A rat zombie (D:4)
112 creatures vanquished.

Vanquished Creatures (others)
  9 fungi (D:3)
  20 plants (D:3)
  2 toadstools (D:3)
31 creatures vanquished.

Grand Total: 143 creatures vanquished

Notes
Turn   | Place    | Note
-------+----------+-------------------------------------------
     0 | D:1      | garrulousMonolith the Gnoll Reaver began the quest for the
                  | Orb.
     0 | D:1      | Reached XP level 1. HP: 20/20 MP: 6/6
   191 | D:1      | Found Nedutoy's Assorted Antiques.
   348 | D:1      | Reached XP level 2. HP: 26/26 MP: 7/7
   429 | D:1      | Found Ycifajy's Distillery.
   637 | D:1      | Reached skill level 5 in Spellcasting
   637 | D:1      | Reached XP level 3. HP: 29/31 MP: 7/9
   821 | D:2      | Noticed Natasha
   830 | D:2      | Killed Natasha
   831 | D:2      | Reached skill level 1 in Short Blades
   831 | D:2      | Reached skill level 1 in Axes
   831 | D:2      | Reached skill level 1 in Maces & Flails
   831 | D:2      | Reached skill level 1 in Polearms
   831 | D:2      | Reached skill level 1 in Staves
   831 | D:2      | Reached skill level 1 in Ranged Weapons
   831 | D:2      | Reached skill level 1 in Throwing
   831 | D:2      | Reached skill level 1 in Armour
   831 | D:2      | Reached skill level 1 in Stealth
   831 | D:2      | Reached skill level 1 in Shields
   831 | D:2      | Reached skill level 1 in Unarmed Combat
   831 | D:2      | Reached skill level 1 in Invocations
   831 | D:2      | Reached skill level 1 in Evocations
   952 | D:2      | Reached XP level 4. HP: 20/38 MP: 11/11
  1241 | D:2      | Found Yzij's Antique Armour Shoppe.
  1477 | D:2      | Learned a level 2 spell: Momentum Strike
  1497 | D:2      | Noticed a scorpion
  1505 | D:2      | Killed a scorpion
  1506 | D:2      | Reached skill level 1 in Hexes
  1506 | D:2      | Reached skill level 1 in Summonings
  1506 | D:2      | Reached skill level 1 in Necromancy
  1506 | D:2      | Reached skill level 1 in Translocations
  1506 | D:2      | Reached skill level 1 in Transmutations
  1506 | D:2      | Reached skill level 1 in Fire Magic
  1506 | D:2      | Reached skill level 1 in Ice Magic
  1506 | D:2      | Reached skill level 1 in Air Magic
  1506 | D:2      | Reached skill level 1 in Earth Magic
  1506 | D:2      | Reached skill level 1 in Poison Magic
  1506 | D:2      | Reached XP level 5. HP: 25/43 MP: 10/12
  1735 | D:2      | Found a faded altar of an unknown god.
  1930 | D:1      | Bought a potion of curing for 33 gold pieces
  1930 | D:1      | Bought a potion of curing for 33 gold pieces
  2086 | D:1      | HP: 2/43 [jackal (2)]
  2336 | D:2      | Noticed Natasha
  2343 | D:2      | Killed Natasha
  2411 | D:3      | Reached XP level 6. HP: 29/50 MP: 10/14
  2586 | D:3      | Found a bloodstained altar of Trog.
  2825 | D:3      | Found a hide-covered altar of Uskayaw.
  2825 | D:3      | Found a burning altar of Makhleb.
  2882 | D:3      | Reached skill level 5 in Fighting
  2882 | D:3      | Reached skill level 5 in Dodging
  3114 | D:3      | Found a broken altar of Ashenzari.
  3161 | D:3      | Found a snail-covered altar of Cheibriados.
  3342 | D:3      | Became a worshipper of Cheibriados the Contemplative
  3713 | D:4      | Found an ancient bone altar of Kikubaaqudgha.
  3870 | D:4      | Noticed Grinder
  3903 | D:4      | Killed Grinder
  3904 | D:4      | Reached skill level 7 in Long Blades
  3904 | D:4      | Reached XP level 7. HP: 39/56 MP: 9/15
  3906 | D:4      | Reached * piety under Cheibriados
  4207 | D:5      | Entered Level 5 of the Dungeon
  4242 | D:5      | Identified the +0 ring mail "Teray" {rF- Str+5 Slay+4}
  4397 | D:5      | HP: 1/49 [gnoll/+0 spear[a gnoll bouda] (3)]
  4401 | D:5      | Reached ** piety under Cheibriados
  4402 | D:5      | Shot with an arrow by a centaur

Illustrated notes

Levels and vault maps discovered:
D:1:      onia_arrival_pyramid, layout_loops_ring, serial_shops, shop_fountains,
          shop
D:2:      minmay_evil_eye, layout_basic, serial_shops,
          nicolae_shop_temple_entry_statues_fountains,
          hellmonk_ecumenical_altar_slurped_away, grunt_ministairs_7,
          uniq_natasha
D:3:      layout_basic, mainiacjoe_overflow_24_doors,
          mainiacjoe_overflow_alcove_2, gammafunk_temple_overflow_pools,
          lemuel_round_altar, serial_bayou, serial_bayou_pond_e,
          serial_bayou_crossing, serial_bayou_lagoon_a, serial_bayou_pond_a,
          serial_bayou_pond_b, serial_bayou_pond_b, skrybe_limestone_x,
          minmay_gold_behind_fungi
D:4:      layout_cave_pools, lemuel_zombie_altar_kikubaaqudgha,
          nicolae_eternal_life, due_unseen_surprise, uniq_grinder
D:5:      layout_rooms, minmay_circle_x

Skill      XL: |  1  2  3  4  5  6  7 |
---------------+----------------------+-----
Spellcasting   | 5 |  5.8
Short Blades   | 1 2 |  2.8
Axes           | 1 2 |  2.8
Maces & Flails | 1 2 |  2.8
Polearms       | 1 2 |  2.8
Staves         | 1 2 |  2.8
Ranged Weapons | 1 2 |  2.8
Throwing       | 1 2 |  2.8
Armour         | 1 2 |  2.8
Stealth        | 1 2 |  2.8
Shields        | 1 2 |  2.8
Unarmed Combat | 1 2 |  2.8
Invocations    | 1 2 3 |  3.1
Evocations     | 1 2 |  2.8
Hexes          | 1 2 |  2.3
Summonings     | 1 2 |  2.3
Necromancy     | 1 2 |  2.3
Translocations | 1 2 |  2.3
Transmutations | 1 2 |  2.3
Fire Magic     | 1 2 |  2.3
Ice Magic      | 1 2 |  2.3
Air Magic      | 1 2 |  2.3
Earth Magic    | 1 2 |  2.3
Poison Magic   | 1 2 |  2.3
Fighting       | 5 |  5.4
Dodging        | 5 |  5.4
Long Blades    | 7 |  7.2
Conjurations   | 6 |  6.0

Action                   |  1- 3 |  4- 6 |  7- 9 || total
-------------------------+-------+-------+-------++-------
Melee: Falchion          |   101 |    97 |       ||   198
       Bite              |     6 |    29 |     8 ||    43
       Punch             |     1 |     6 |     2 ||     9
       Dagger            |       |   146 |     3 ||   149
       Scimitar          |       |    12 |    73 ||    85
Throw: Dart              |       |     3 |       ||     3
 Cast: Kiss of Death     |       |     1 |     1 ||     2
  Use: Potion            |     1 |     5 |     3 ||     9
       Scroll            |       |       |     5 ||     5
 Stab: Sleeping          |       |     3 |     1 ||     4
Armor: Ring mail         |    24 |       |       ||    24
       Leather armour    |     1 |    92 |    18 ||   111
Dodge: Dodged            |    57 |   195 |    67 ||   319

Table legend: (Time is in decaauts)
 A = Elapsed time spent in this place.
 B = Non-inter-level travel time spent in this place.
 C = Inter-level travel time spent in this place.
 D = Time resting spent in this place.
 E = Time spent auto-exploring this place.
 F = Levels seen in this place.
 G = Mean time per level.
                   A        B        C        D        E       F      G
               +--------+--------+--------+--------+--------+-----+--------+
         Total |   4671 |   4273 |    398 |    754 |   2536 |   5 |  934.2 |
       Dungeon |   4671 |   4273 |    398 |    754 |   2536 |   5 |  934.2 |
               +--------+--------+--------+--------+--------+-----+--------+

Top non-repeatable levels by time:
     D:2: 1316 daAuts
     D:3: 1073 daAuts
     D:1: 1051 daAuts
     D:4: 1009 daAuts
     D:5: 220 daAuts
